 Dungeon Crawl Stone Soup version 0.30-a0-782-ge64f9170bb (webtiles) character file.

Game seed: 13489538707614024163

495423 jt the Slayer (level 23, 0/207 HPs)
             Began as a Mummy Ice Elementalist on Feb 20, 2023.
             Was the Champion of Kikubaaqudgha.
             Slain by a Killer Klown
             ... wielding a +11 club of flaming
              (8 damage)
             ... on level 2 of the Realm of Zot on Feb 21, 2023.
             The game lasted 05:31:53 (55772 turns).

jt the Slayer (Mummy Ice Elementalist)             Turns: 55772, Time: 05:31:54

Health: 0/207      AC: 13    Str:  9 (10) XL:     23   Next: 66%
Magic:  8/49       EV:  9    Int: 20 (22) God:    Kikubaaqudgha [******]
Gold:   4289       SH: 16    Dex: 11 (12) Spells: 10/67 levels left

rFire   + + .      SeeInvis +    a - +8 dagger of Syicwu {vamp, rN+ Str-2 Dex+2 SInv}
rCold   + + .      Faith    +    f - +5 Storm Queen's Shield {shock, Fly rElec}
rNeg    + + +      Spirit   .    i - +2 leather armour {rC+ rF+}
rPois   ∞          Reflect  .    x - +2 hat {SInv}
rElec   +          Harm     .    E - scarf {repulsion}
rCorr   +          Rampage  .    j - +2 pair of gloves
Will    +++..                    m - +1 pair of boots
Stlth   ++                       k - amulet of magic regeneration
HPRegen 0.54/turn                K - ring of willpower
MPRegen 0.71/turn                F - ring "Busetu" {Wiz rElec rPois rF++ rCorr Dex-5}

@: death channelling (expiring), vertiginous, animating dead, flying, studying 2
skills, repel missiles
A: cold resistance 1, negative energy resistance 3, torment resistance 2, heat
vulnerability 1, in touch with death 2, no potions, faith
}: 3/15 runes: decaying, slimy, gossamer
a: Renounce Religion, Unearth Wretches, Torment, Brand Weapon With Pain, Receive
Forbidden Knowledge


You were on level 2 of the Realm of Zot.
You worshipped Kikubaaqudgha.
Kikubaaqudgha was exalted by your worship.
You visited 11 branches of the dungeon, and saw 49 of its levels.
You also visited: Ossuary and Ice Cave.

You collected 6248 gold pieces.
You spent 1959 gold pieces at shops.

Inventory:

Hand Weapons
 a - the +8 dagger of Syicwu (weapon) {vamp, rN+ Str-2 Dex+2 SInv}
   (You found it on level 3 of the Lair of Beasts)

   Str:       It affects your strength (-2).
   Dex:       It affects your dexterity (+2).
   rN:        It protects you from negative energy.
   SInv:      It lets you see invisible.
 b - the +5 sling "Poam" {flame, rPois rCorr}
   (You bought it in a shop on level 3 of the Vaults)

   rPois:     It protects you from poison.
   rCorr:     It protects you from acid and corrosion.
 g - the +8 mithril axe "Arga" {speed, Will+}
   (You found it on level 2 of the Depths)

   Will:      It increases your willpower.
 h - a +3 demon whip of draining
 y - a +0 demon trident of venom
Missiles
 p - 8 silver javelins
 A - 57 poisoned darts
 H - 2 curare-tipped darts
 O - 35 boomerangs
 P - 2 throwing nets
Armour
 f - the +5 Storm Queen's Shield (worn) {shock, Fly rElec}
   (You found it on level 5 of the Pits of Slime)

   Shock:     When it blocks an attack, it may electrocute the attacker.
   This works even against foes who are a short distance away.
   rElec:     It insulates you from electricity.
   Fly:       It grants you flight.
 i - a +2 leather armour of resistance (worn)
 j - a +2 pair of gloves (worn)
 m - a +1 pair of boots (worn)
 x - a +2 hat of see invisible (worn)
 z - a +1 pair of gloves of hurling
 E - a scarf of repulsion (worn)
 W - a +2 kite shield of fire resistance
Jewellery
 e - a +6 ring of intelligence
 k - an amulet of magic regeneration (around neck)
 F - the ring "Busetu" (right hand) {Wiz rElec rPois rF++ rCorr Dex-5}
   (You bought it in a shop on level 2 of the Orcish Mines)

   [ring of wizardry]

   It improves your spell success rate.
   Dex:       It affects your dexterity (-5).
   rF:        It greatly protects you from fire.
   rElec:     It insulates you from electricity.
   rPois:     It protects you from poison.
   rCorr:     It protects you from acid and corrosion.
 I - a ring of see invisible
 K - a ring of willpower (left hand)
 T - a +4 ring of protection
Wands
 d - a wand of light (8)
 l - a wand of flame (104)
 n - a wand of roots (25)
 u - a wand of digging (10)
 v - a wand of polymorph (29)
 C - a wand of mindburst (75)
 Q - a wand of charming (12)
Scrolls
 o - 3 scrolls of magic mapping
 q - 9 scrolls of fog
 r - 9 scrolls of poison
 s - 25 scrolls of teleportation
 t - 8 scrolls of fear
 w - 4 scrolls of immolation
 B - 7 scrolls of vulnerability
 D - 2 scrolls of summoning
 G - 5 scrolls of enchant weapon
 J - 5 scrolls of torment
 L - a scroll of amnesia
 M - a scroll of blinking
 N - 6 scrolls of silence
 X - a scroll of acquirement
 Y - 10 scrolls of enchant armour
Miscellaneous
 c - a phial of floods
 R - a condenser vane
 S - a phantom mirror (inert)
 U - a box of beasts
 V - a tin of tremorstones (2/2)


   Skills:
 + Level 23.5 Fighting
 - Level 2.0 Short Blades
 - Level 5.0 Armour
 - Level 10.5 Dodging
 - Level 2.0 Stealth
 + Level 11.7 Shields
 - Level 22.6 Spellcasting
 - Level 2.0 Conjurations
 - Level 2.0 Hexes
 - Level 8.9 Summonings
 + Level 19.3 Necromancy
 + Level 8.5 Translocations
 - Level 7.0 Ice Magic
 - Level 6.0 Earth Magic
 - Level 2.0 Evocations


You had 10 spell levels left.
You knew the following spells:

 Your Spells              Type           Power      Damage    Failure   Level
a - Simulacrum            Ice/Necr       53%        N/A       3%          6
b - Frozen Ramparts       Ice            100%       1d16      1%          3
c - Ozocubu's Armour      Ice            50%        N/A       1%          3
d - Passage of Golubria   Tloc           54%        N/A       1%          4
e - Animate Dead          Necr           100%       N/A       1%          4
f - Dispel Undead         Necr           100%       3d31      1%          4
g - Summon Ice Beast      Ice/Summ       53%        N/A       2%          4
h - Borgnjor's Vile Clut  Necr/Erth      52%        N/A       1%          5
i - Anguish               Hex/Necr       49%        N/A       1%          4
j - Death Channel         Necr           61%        N/A       1%          6
k - Blink                 Tloc           100%       N/A       1%          2
l - Summon Forest         Summ/Tloc      27%        N/A       4%          5
m - Dispersal             Tloc           27%        N/A       16%         6
n - Apportation           Tloc           100%       N/A       1%          1

Your spell library contained the following spells:

 Spells                   Type           Power      Damage    Failure   Level
 Freeze                   Ice            100%       1d10      1%          1
 Kiss of Death            Conj/Necr      100%       2d13      1%          1
 Necrotise                Necr           100%       1d9       1%          1
 Sandblast                Erth           92%        2d19      1%          1
 Summon Small Mammal      Summ           100%       N/A       1%          1
 Call Imp                 Summ           55%        N/A       1%          2
 Cigotuvi's Dreadful Rot  Necr/Pois/Air  100%       N/A       1%          2
 Ensorcelled Hibernation  Hex/Ice        80%        N/A       1%          2
 Lesser Beckoning         Tloc           100%       N/A       1%          2
 Momentum Strike          Conj/Tloc      86%        3d10      1%          2
 Call Canine Familiar     Summ           55%        N/A       1%          3
 Gell's Gravitas          Tloc           54%        N/A       1%          3
 Summon Guardian Golem    Hex/Summ       44%        N/A       1%          3
 Teleport Other           Tloc           54%        N/A       1%          3
 Agony                    Necr           100%       N/A       1%          5
 Magic Dart               Conj           100%       1d8       2%          1
 Slow                     Hex            100%       N/A       2%          1
 Passwall                 Tmut/Erth      28%        N/A       2%          2
 Hailstorm                Conj/Ice       40%        3d10      2%          3
 Animate Armour           Summ/Erth      100%       N/A       2%          4
 Stone Arrow              Conj/Erth      76%        3d11      3%          3
 Dazzling Flash           Conj/Hex       60%        N/A       6%          3
 Tukima's Dance           Hex            30%        N/A       6%          3
 Poisonous Vapours        Pois/Air       44%        N/A       7%          2
 Summon Lightning Spire   Summ/Air       40%        N/A       7%          4
 Inner Flame              Hex/Fire       26%        N/A       9%          3
 Mephitic Cloud           Conj/Pois/Air  25%        N/A       9%          3
 Leda's Liquefaction      Hex/Erth       19%        N/A       9%          4
 Lee's Rapid Deconstruct  Erth           23%        3d13*     10%         5
 Summon Mana Viper        Hex/Summ       44%        N/A       12%         5
 Summon Cactus Giant      Summ           27%        N/A       14%         6
 Flame Wave               Conj/Fire      26%        2d8       22%         4
 Airstrike                Air            11%        2d(2-18)  32%         4
 Iskenderun's Battlesphe  Conj           30%        2d8       36%         5
 Fireball                 Conj/Fire      13%        3d7       47%         5
 Lightning Bolt           Conj/Air       13%        1d26      47%         5
 Silence                  Hex/Air        13%        N/A       47%         5
 Yara's Violent Unravell  Hex/Tmut       13%        3d7       47%         5
 Summon Hydra             Summ           27%        N/A       52%         7
 Malign Gateway           Summ/Tloc      27%        N/A       54%         7
 Iron Shot                Conj/Erth      19%        9d4       63%         6
 Spellforged Servitor     Conj/Summ      22%        N/A       91%         7
 Conjure Ball Lightning   Conj/Air       13%        3x3d6     94%         6
 Eringya's Noxious Bog    Tmut/Pois      11%        N/A       98%         6
 Summon Horrible Things   Summ           27%        N/A       98%         8
 Disjunction              Tloc           27%        N/A       99%         8
 Enfeeble                 Hex            15%        N/A       100%        7
 Orb of Destruction       Conj           15%        9d7       100%        7
 Discord                  Hex            15%        N/A       100%        8
 Sublimation of Blood     Necr           Unusable   N/A       N/A         2
 Wereblood                Tmut           Unusable   N/A       N/A         2
 Borgnjor's Revivificati  Necr           Unusable   N/A       N/A         8
 Ice Form                 Ice/Tmut       Unusable   N/A       N/A         4
 Spider Form              Tmut/Pois      Unusable   N/A       N/A         3
 Blade Hands              Tmut           Unusable   N/A       N/A         5
 Death's Door             Necr           Unusable   N/A       N/A         9
 Statue Form              Tmut/Erth      Unusable   N/A       N/A         6
 Necromutation            Tmut/Necr      Unusable   N/A       N/A         8

Dungeon Overview and Level Annotations

Branches:
Dungeon (15/15)            Temple (1/1) D:4            Lair (5/5) D:10
  Swamp (4/4) Lair:2       Spider (4/4) Lair:2        Slime (5/5) Lair:4
    Orc (2/2) D:12            Elf (3/3) Orc:2        Vaults (4/5) D:13
  Crypt (0/3) Vaults:2     Depths (4/4) D:15            Zot (2/5) Depths:4
Ossuary (visited)           IceCv (visited)

Altars:
Ashenzari
Cheibriados
Fedhas
Gozag
Hepliaklqana
Kikubaaqudgha
Nemelex Xobeh
Qazlal
Uskayaw
Vehumet
Yredelemnul
Jiyva

Shops:
Orc:2 :(=[   Elf:1 !   Vaults:3 (   Depths:2 :

Portals:
Hell: Depths:1 Depths:2 Depths:3 Depths:4
Abyss: Depths:2 Depths:3
Pandemonium: Depths:1 Depths:2
Ziggurat: Depths:1

Annotations:
Elf:2 3 runed translucent doors


Innate Abilities, Weirdness & Mutations

You are immune to poison.
Your flesh is cold resistant. (rC+)
You are immune to negative energy. (rN+++)
You are immune to unholy pain and torment.
You are vulnerable to heat. (rF-)
You are strongly in touch with the powers of death.
You do not drink.
You have a special connection with the divine. (Faith)


Message History

The hell beast bites your draconian annihilator zombie but does no damage.
The hell beast tramples your draconian annihilator zombie but does no damage.
The Killer Klown pokes your red draconian zombie with a +10 club!
The tentacled monstrosity tentacle-slaps your spectral yellow draconian. x3
Your spectral yellow draconian completely misses the tentacled monstrosity.
Your spectral draconian annihilator hits the tentacled monstrosity.
A yellow draconian comes into view. It is wielding a +0 long sword.
Your unholy channel is weakening.
Something slaps your red draconian zombie!!
Your red draconian zombie hits the dread lich!
Your yellow draconian zombie hits the tentacled monstrosity!
The tentacled monstrosity tentacle-slaps your spectral draconian annihilator but does no damage.
The tentacled monstrosity tentacle-slaps your spectral draconian annihilator.
The tentacled monstrosity tentacle-slaps your spectral draconian annihilator but does no damage.
Your spectral draconian annihilator hits the tentacled monstrosity.
Your moth of wrath zombie bites the tentacled monstrosity!
Your spectral red draconian hits the tentacled monstrosity!
Your spectral yellow draconian hits the tentacled monstrosity!
The tentacled monstrosity dies!
Kikubaaqudgha accepts your kill.
A glowing mist starts to gather...
The yellow draconian moves out of view.
The yellow draconian roars!
You hear a roar! x2
The Killer Klown blinks!
You block the green draconian's attack.
The green draconian tail-slaps you but does no damage.
The yellow draconian spits acid at you.
The glob of acid is repelled.
The Killer Klown blinks!
The Killer Klown barely misses you.
Press: ? - help, v - describe, . - travel
Here: a green draconian, wielding a +0 dire flail The floor.
The green draconian hits you with a +0 dire flail!!
* * * LOW HITPOINT WARNING * * *
The green draconian tail-slaps you but does no damage.
There is a stone staircase leading up here.
The Killer Klown pies you viciously! The klown pie hits you!!
Plum!
You feel light-headed.
* * * LOW HITPOINT WARNING * * *
The Killer Klown flogs you with a +11 club of flaming!
You die...
Kikubaaqudgha rasps: "You have failed me!
Welcome... oblivion!"

...............
##............##.
##........D.D....#.
##.....#######.......#
##....###.#.#.###......
#....###...^...###....#.
#...##...(.......##...#.
##.^....8....^.##....
##..@p...Xp.8..##....
##....d.###LZ....##...
##.....#...#......#..
........#.§...#..p.##..#
..d.p.8..§..Z.#Z8Z^.#..#
..^.....#....[#..2.##..#
..##.......).#$Z....#..#
⌠.##......###ZZ.Z?.##..#
# .<.......8..##...#


You could see 3 Killer Klowns, a tentacled monstrosity (slow), a golden dragon,
a dread lich (invisible), a yellow draconian (catching breath), a green
draconian, a friendly spectral draconian annihilator, a friendly moth of wrath
zombie and a friendly red draconian zombie.

Vanquished Creatures
  Mara (Vaults:2)
  Saint Roka (Vaults:1)
  Xtahua (Vaults:2)
  The ghost of Uhurudgh the Gelid, a veteran DgEE (Vaults:2)
  3 golden dragons
  Nikola (Spider:1)
  A tentacled monstrosity (Zot:2)
  A titan (Depths:3)
  A deep elf blademaster (Elf:3)
  A walking crystal tome (Depths:3)
  2 quicksilver dragons
  4 acid blobs
  An ancient champion (Vaults:2)
  A death cob (Zot:2)
  Kirke (D:14)
  A shadow dragon (Depths:4)
  A fenstrider witch (Swamp:2)
  A thorn hunter (Swamp:1)
  2 azure jellies (Slime:5)
  2 rockslimes
  7 deep elf sorcerers
  A frost giant (Depths:4)
  3 emperor scorpions
  2 fire giants (Depths:4)
  A ghost moth (Spider:4)
  A ghoul (Swamp:2)
  6 vault wardens (Vaults:3)
  5 spectral caustic shrikes (Depths:3)
  2 deep elf elementalists (Elf:3)
  7 quicksilver oozes (Slime:5)
  2 draconian shifters
  A spriggan defender (Depths:3)
  2 broodmothers
  6 stone giants
  7 ironbound preservers
  14 very ugly things
  2 vampire knights
  2 ironbound thunderhulks (Vaults:4)
  4 deep elf demonologists
  2 eleionomae
  2 deep elf annihilators (Elf:3)
  A yellow draconian (Depths:4)
  A black draconian (Zot:2)
  A bunyip (Swamp:4)
  A purple draconian (Depths:4)
  A green death (Depths:1)
  2 spark wasps
  An ettin (Depths:1)
  4 entropy weavers
  3 fire dragons
  6 great orbs of eyes
  6 yaktaur captains
  A catoblepas (Lair:5)
  8 hydras
  A peacekeeper (Vaults:4)
  3 spriggan air magi
  5 vault guards
  2 boulder beetles
  2 caustic shrike simulacra (IceCv)
  An ice dragon (Depths:1)
  5 centaur warriors
  5 two-headed ogres
  3 alligators
  3 death yaks (Lair:4)
  2 spectral humans (Vaults:2)
  A vampire mage (Vaults:2)
  A spectral fire giant (Vaults:2)
  6 deep troll shamans
  An orc high priest (Orc:2)
  2 tengu warriors
  16 dancing weapons
  3 soul eaters (Depths:2)
  3 spriggan berserkers
  A titan zombie (D:15)
  2 sun demons (Depths:2)
  5 deep elf knights
  2 sixfirhies (Depths:1)
  2 spriggan druids
  An iron troll (Depths:2)
  3 goliath frogs
  A pharaoh ant (Spider:3)
  2 spriggan riders
  A shadow demon (Depths:1)
  A glowing orange brain (Slime:2)
  5 swamp dragons
  21 deep trolls
  5 orb spiders
  6 ironbound convokers
  A phantasmal warrior (Depths:3)
  7 deep elf archers
  4 bog bodies
  2 wizards
  A lindwurm (Lair:5)
  17 deep elf zephyrmancers
  Pikel (D:5)
  2 orc knights
  An obsidian statue (IceCv)
  3 steelbarb worms
  10 ugly things
  A harpy (Vaults:2)
  17 deep elf pyromancers
  3 oklob plants
  A necromancer (D:9)
  4 manticores
  12 orc sorcerers
  A spectral ettin (Vaults:2)
  3 cyclopes
  A black mamba (Lair:5)
  7 wolf spiders
  5 elephants
  2 demonic crawlers (Spider:1)
  3 moths of wrath
  A water nymph (shapeshifter) (Depths:3)
  A torpor snail (Spider:3)
  8 cane toads
  5 vault sentinels
  An unseen horror (shapeshifter) (D:14)
  3 orange demons
  Maggie (Lair:1)
  3 unseen horrors
  An ice devil (Depths:1)
  13 yaktaurs
  3 tengu conjurers
  An efreet (D:13)
  2 rime drakes
  7 komodo dragons
  A kobold demonologist (D:12)
  A komodo dragon (shapeshifter) (D:13)
  2 spectral ogres (Vaults:2)
  3 golden dragon simulacra (IceCv)
  4 trolls
  2 bloated husks
  2 polar bears
  6 meliai
  Grinder (D:5)
  3 tyrant leeches
  Prince Ribbit (D:7)
  A sphinx simulacrum (Vaults:2)
  9 tarantellas
  An ettin zombie (D:15)
  5 hornets
  11 blink frogs
  6 dream sheep (Lair:5)
  A frost giant simulacrum (Depths:2)
  19 slime creatures
  A human simulacrum (Vaults:2)
  4 spriggans
  A ynoxinul (Depths:2)
  2 culicivoras
  A centaur simulacrum (D:15)
  8 jumping spiders
  A shadow (D:12)
  4 water elementals
  2 hogs (D:14)
  A wraith (D:9)
  2 wyverns
  2 golden eyes
  A yak (shapeshifter) (D:15)
  11 yaks
  3 basilisks
  6 humans (D:13)
  25 redbacks
  A steam dragon (Lair:2)
  7 vampire mosquitoes
  A swamp worm (shapeshifter) (Depths:2)
  8 wargs
  Menkaure (D:4)
  Edmund (D:5)
  A harpy simulacrum (IceCv)
  6 water moccasins
  11 swamp worms
  3 hydra simulacra (IceCv)
  Duvessa (D:5)
  2 swamp drakes (Swamp:4)
  3 ice beasts
  21 orc warriors
  2 black bears
  2 ettin simulacra
  9 wolves
  2 boggarts (D:14)
  6 ogres
  9 centaurs
  2 phantoms
  4 kobold brigands
  7 bullfrogs
  3 necrophages
  2 earth elementals (Elf:3)
  2 scorpions (D:6)
  Dowan (D:5)
  The ghost of pedritolo the Trooper, a weakling DrFi (D:3)
  A killer bee (D:10)
  6 howler monkeys
  2 electric eels
  3 centaur zombies (Ossuary)
  7 jellies
  10 orc priests
  Crazy Yiuf (D:5)
  4 hounds
  2 human zombies (Ossuary)
  Jessica (D:3)
  5 iguanas
  Ijyb (D:3)
  Terence (D:2)
  3 hell rats (Lair:5)
  Natasha (thrice) (D:3)
  38 orc wizards
  2 polar bear simulacra (D:9)
  2 yak simulacra (D:9)
  2 wolf simulacra (D:9)
  A hound zombie (Ossuary)
  3 mummies (Ossuary)
  9 adders
  A shadow imp (D:6)
  A white imp (Vaults:4)
  An ufetubus (D:4)
  6 adder zombies (Ossuary)
  A worm zombie (D:4)
  A worm (D:15)
  3 dart slugs
  61 orcs
  4 ball pythons
  4 endoplasms
  4 giant cockroaches
  A gnoll zombie (Ossuary)
  11 hobgoblins
  7 jackals
  22 kobolds
  11 quokkas
  4 bats
  A frilled lizard (D:2)
  6 goblins
  2 goblin zombies (Ossuary)
  5 hobgoblin zombies (Ossuary)
  2 jackal zombies (Ossuary)
  4 kobold zombies (Ossuary)
  3 orc zombies (Ossuary)
  5 quokka zombies (Ossuary)
  7 rats
  A rat zombie (Ossuary)
  2 river rat simulacra (D:9)
  A briar patch (Swamp:1)
987 creatures vanquished.

Vanquished Creatures (collateral kills)
  the Royal Jelly (Slime:5)
  2 juggernauts
  A caustic shrike (Depths:3)
  A golden dragon (Depths:4)
  3 tentacled monstrosities
  A deep elf blademaster (Elf:3)
  2 quicksilver dragons (Zot:1)
  Frances (Swamp:1)
  14 acid blobs
  A walking frostbound tome (Depths:3)
  2 sphinxes
  3 thorn hunters
  Roxanne (D:14)
  Donald (Swamp:4)
  3 shadow dragons
  2 storm dragons
  8 frost giants
  4 azure jellies
  The ghost of Zachydoop the Severer, a journeyman DsGl of Ru (Swamp:3)
  8 rockslimes
  4 fire giants
  An iron dragon (Depths:3)
  A balrug (Depths:2)
  5 deep elf sorcerers (Elf:3)
  4 vault wardens
  4 ghost moths (Spider:4)
  A spectral caustic shrike (Depths:3)
  5 emperor scorpions (Spider:4)
  10 ironbound preservers
  82 slime creatures
  A cacodemon (Depths:2)
  3 draconian shifters
  18 very ugly things
  A deep elf elementalist (Elf:3)
  7 quicksilver oozes
  3 ironbound thunderhulks
  An orc warlord (Vaults:2)
  A war gargoyle (Vaults:4)
  A broodmother (Spider:4)
  2 spriggan defenders
  3 reapers
  5 stone giants
  2 vampire knights (Depths:3)
  A white draconian (Zot:1)
  A red draconian (Zot:2)
  2 green draconians (Zot:1)
  A black draconian (Depths:4)
  A dire elephant (Vaults:3)
  5 eleionomae
  3 yellow draconians (Depths:4)
  3 deep elf annihilators
  A deep elf demonologist (Elf:3)
  A purple draconian (Depths:4)
  A spark wasp (Depths:3)
  3 bunyips (Swamp:3)
  2 deep elf death magi (Elf:3)
  4 ettins
  2 fire dragons
  4 deep elf high priests (Elf:3)
  A green death (Depths:2)
  4 yaktaur captains
  3 entropy weavers
  A shambling mangrove (Swamp:4)
  A rakshasa (Depths:1)
  3 ice dragons
  8 great orbs of eyes
  A vault guard (Vaults:3)
  2 ogre magi
  2 jorogumos
  11 hydras
  An ironbound frostheart (Vaults:3)
  A hell beast (Depths:2)
  A catoblepas (Lair:4)
  3 boulder beetles
  12 centaur warriors
  2 radroaches
  A dancing weapon (Elf:2)
  3 two-headed ogres
  7 alligators
  6 death yaks
  2 deep troll shamans
  3 tengu warriors
  2 spriggan berserkers
  2 deep elf knights
  A hell knight (Depths:3)
  Amaemon (D:10)
  2 sun demons (Depths:2)
  3 iron trolls
  A spectral human (Vaults:2)
  A skeletal warrior (D:15)
  2 skysharks (Lair:5)
  2 goliath frogs
  43 deep trolls
  3 spriggan druids
  5 pharaoh ants
  3 glowing orange brains
  2 spark wasp zombies
  9 swamp dragons
  5 orb spiders
  2 bog bodies
  6 deep elf archers
  4 steelbarb worms
  An orc knight (Vaults:2)
  2 wizards
  A tengu zombie (Depths:3)
  6 ironbound convokers
  A golden dragon skeleton (D:15)
  2 obsidian statues
  2 flayed ghosts
  6 harpies
  5 deep elf pyromancers
  4 phantasmal warriors
  4 necromancers
  A stone giant zombie (Depths:2)
  6 deep elf zephyrmancers
  2 frost giant zombies
  A shining eye (shapeshifter) (Depths:4)
  A cyclops (D:14)
  A manticore (D:15)
  16 ugly things
  2 will-o-the-wisps
  A moth of wrath (shapeshifter) (Depths:4)
  2 shining eyes (Slime:4)
  5 elephants
  8 wolf spiders
  5 moths of wrath
  6 vault sentinels
  A rust devil (Depths:2)
  4 torpor snails
  An eye of devastation (Slime:5)
  3 smoke demons
  6 cane toads
  4 demonic crawlers
  3 rime drakes
  A komodo dragon (Lair:3)
  3 kobold demonologists
  An ice devil (IceCv)
  2 freezing wraiths (IceCv)
  21 yaktaurs
  An anaconda simulacrum (IceCv)
  A tengu conjurer (D:14)
  2 golden dragon simulacra
  3 meliai
  9 blink frogs
  11 hornets
  2 polar bears
  11 tarantellas
  A raiju (shapeshifter) (Depths:3)
  3 dream sheep (Lair:5)
  4 tyrant leeches
  10 jumping spiders
  12 culicivoras
  2 water elementals
  19 yaks
  3 air elementals (Elf:3)
  3 humans (D:13)
  13 spriggans
  A hog (D:14)
  3 basilisks
  2 fire elementals
  10 golden eyes
  A steam dragon (D:10)
  43 redbacks
  A minotaur simulacrum (IceCv)
  A vampire mosquito (Swamp:1)
  2 wargs
  7 swamp worms
  A glowing shapeshifter skeleton (Depths:3)
  A hydra simulacrum (IceCv)
  10 water moccasins
  2 orc warriors
  8 swamp drakes
  3 black bears
  2 ice beasts
  An ogre (D:15)
  8 wolves
  3 boggarts (D:14)
  7 centaurs
  A nameless horror (D:10)
  The ghost of funkygono the Firebug, an amateur GrFE (D:3)
  7 bullfrogs
  A kobold brigand (D:7)
  2 necrophages (D:6)
  An earth elemental (Elf:1)
  2 human simulacra
  A glowing shapeshifter simulacrum (Depths:3)
  A lindwurm simulacrum (IceCv)
  An electric eel (Elf:3)
  4 orc priests
  6 jellies (Lair:4)
  2 hell rats (Lair:5)
  10 orc wizards
  A polar bear simulacrum (D:9)
  A shadow imp (D:7)
  A white imp (D:7)
  25 orcs
  An endoplasm (Lair:4)
  A kobold (D:7)
  An orc zombie (Orc:2)
  2 river rat simulacra (D:9)
  11 briar patches (Swamp:1)
  4 bushes
894 creatures vanquished.

Vanquished Creatures (others)
  3 acid blobs
  2 shadow dragons
  A tengu reaver (Depths:1)
  An azure jelly (Slime:4)
  An emperor scorpion (Spider:3)
  A rockslime (Slime:4)
  3 vault wardens
  A deep elf sorcerer (Elf:3)
  2 quicksilver oozes (Slime:4)
  A broodmother (Spider:4)
  2 reapers (Depths:2)
  A draconian annihilator (Zot:2)
  An ironbound preserver (Vaults:3)
  A very ugly thing (Depths:1)
  A war gargoyle (Vaults:3)
  2 ironbound thunderhulks
  An eleionoma (Swamp:1)
  A yellow draconian (Zot:2)
  A red draconian (Zot:1)
  A white draconian (Zot:1)
  10 very ugly thing zombies
  3 acid blob zombies
  Snorg (D:12)
  2 entropy weavers
  An entropy weaver (shapeshifter) (Elf:1)
  A great orb of eyes (Slime:4)
  4 yaktaur captains
  A vault guard (D:13)
  A quicksilver dragon zombie (Depths:4)
  4 hydras
  4 ironbound frosthearts
  2 centaur warriors
  2 two-headed ogres (D:15)
  A death yak (Lair:5)
  A ghost crab (Swamp:3)
  2 deep troll earth magi
  2 quicksilver ooze zombies (Slime:5)
  A fire dragon zombie (Vaults:2)
  A skeletal warrior (D:15)
  2 ogre zombies (Vaults:3)
  A sun moth (Spider:3)
  An orb spider (Spider:4)
  8 deep trolls
  A bog body (Swamp:2)
  A deep elf archer (D:14)
  3 ironbound convokers
  A shadow dragon zombie (Zot:2)
  A wizard (Vaults:2)
  A deep elf pyromancer (Elf:1)
  9 ugly thing zombies
  3 wolf spider zombies
  A frost giant zombie (Depths:3)
  A goliath frog zombie (Swamp:4)
  3 ugly things
  A draconian zombie (Zot:2)
  A cyclops (Orc:1)
  2 moths of wrath (Zot:2)
  A dire elephant zombie (Vaults:3)
  An elephant (Lair:5)
  A demonic crawler (Spider:4)
  2 orb spider zombies (Spider:4)
  A freezing wraith (IceCv)
  A black draconian zombie (Zot:2)
  2 swamp worm zombies
  6 yaktaurs
  2 demonic crawler zombies
  17 redback zombies
  2 harpy zombies (Vaults:3)
  2 iron troll zombies (Depths:2)
  A sun moth zombie (Spider:3)
  3 hydra zombies
  4 tarantella zombies
  5 great orb of eyes zombies
  5 moth of wrath zombies
  A hornet (Depths:2)
  A tarantella (Spider:4)
  2 blink frogs
  A jumping spider zombie (Spider:3)
  2 alligator zombies (Swamp:4)
  A culicivora zombie (Spider:1)
  An ice dragon zombie (Depths:1)
  2 jumping spiders (Spider:2)
  A dream sheep (Lair:5)
  4 slime creatures
  An air elemental (Elf:3)
  15 slime creature zombies
  A spriggan (Swamp:4)
  13 spriggan zombies
  2 yaks
  2 basilisks
  3 humans
  A steam dragon (Lair:3)
  8 redbacks
  2 vampire mosquitoes (Swamp:2)
  A warg (Vaults:1)
  2 two-headed ogre zombies (D:12)
  A water nymph zombie (Depths:3)
  An entropy weaver zombie (Vaults:2)
  2 tengu zombies
  16 deep troll zombies
  A swamp drake (Swamp:1)
  A manticore zombie (D:15)
  3 orc warriors
  15 elf zombies
  11 human zombies
  A swamp dragon zombie (Swamp:4)
  3 hornet zombies
  A centaur (D:15)
  3 vampire mosquito zombies (Swamp:1)
  2 wolves (Lair:5)
  2 rime drake zombies (IceCv)
  A necrophage (Swamp:2)
  7 yaktaur zombies
  A wyvern zombie (D:7)
  A scorpion (D:10)
  6 water moccasin zombies
  A raiju zombie (Depths:3)
  2 warg zombies (Orc:2)
  A polar bear zombie (Lair:4)
  6 yak zombies
  A basilisk zombie (D:15)
  2 bullfrog zombies (Lair:4)
  13 centaur zombies
  An orc priest (Orc:1)
  2 orc wizards (Orc:1)
  A scorpion zombie (D:10)
  2 hell rats (Lair:5)
  A killer bee zombie (D:10)
  2 ice beast zombies (IceCv)
  A howler monkey zombie (D:11)
  2 adder zombies (D:6)
  An iguana zombie (D:5)
  10 orcs
  2 kobolds (D:10)
  48 orc zombies
  A quokka zombie (D:5)
  A bush (Depths:3)
  8 foxfires (Swamp:2)
  60 fungi
  85 plants
  37 snaplasher vines
  37 withered plants
643 creatures vanquished.

Grand Total: 2524 creatures vanquished

Notes
Turn   | Place    | Note
-------+----------+-------------------------------------------
     0 | D:1      | jt the Mummy Ice Elementalist began the quest for the Orb.
     0 | D:1      | Reached XP level 1. HP: 13/13 MP: 4/4
   328 | D:1      | Reached XP level 2. HP: 16/19 MP: 1/6
  1125 | D:1      | Gained mutation: You are in touch with the powers of death.
                  | [Mummy growth]
  1125 | D:1      | Reached XP level 3. HP: 21/24 MP: 6/8
  1129 | D:1      | Learned a level 3 spell: Frozen Ramparts
  1133 | D:1      | Learned a level 3 spell: Ozocubu's Armour
  1600 | D:2      | Noticed Terence
  1943 | D:3      | Reached XP level 4. HP: 31/31 MP: 6/10
  2060 | D:3      | Noticed Ijyb
  2060 | D:3      | Noticed Jessica
  2072 | D:3      | Killed Jessica
  2072 | D:3      | Killed Ijyb
  2073 | D:3      | Reached skill level 1 in Fighting
  2325 | D:3      | Found a runed translucent gate.
  2326 | D:3      | Found a runed translucent gate.
  2327 | D:3      | Found a runed translucent gate.
  2328 | D:3      | Noticed funkygono's ghost (amateur GrFE)
  2329 | D:3      | Noticed pedritolo's ghost (weakling DrFi)
  2432 | D:3      | Noticed Natasha
  2436 | D:3      | Killed Natasha
  2437 | D:3      | Reached XP level 5. HP: 37/37 MP: 4/11
  2537 | D:4      | Noticed an ice beast
  2558 | D:3      | Noticed Natasha
  2565 | D:3      | Killed Natasha
  2595 | D:4      | Noticed a phantom
  2619 | D:4      | Found a sand-covered staircase.
  2624 | D:4      | Killed a phantom
  2625 | D:4      | Reached skill level 2 in Fighting
  2625 | D:4      | Reached skill level 5 in Spellcasting
  2625 | D:4      | Reached skill level 1 in Evocations
  2660 | D:4      | Reached XP level 6. HP: 17/44 MP: 3/13
  2713 | D:4      | Found a staircase to the Ecumenical Temple.
  2721 | Temple   | Entered the Ecumenical Temple
  2748 | Temple   | Became a worshipper of Kikubaaqudgha
  2790 | Ossuary  | Entered an ossuary
  3143 | Ossuary  | Reached * piety under Kikubaaqudgha
  3143 | Ossuary  | Received a gift from Kikubaaqudgha
  3150 | Ossuary  | Learned a level 1 spell: Kiss of Death
  3560 | Ossuary  | Reached skill level 1 in Necromancy
  3560 | Ossuary  | Reached XP level 7. HP: 42/50 MP: 6/15
  3762 | D:4      | Noticed Menkaure
  3915 | D:2      | Killed Terence
  3916 | D:2      | Reached skill level 1 in Conjurations
  4046 | D:2      | Found a faded altar of an unknown god.
  4163 | D:2      | Reached ** piety under Kikubaaqudgha
  4180 | D:3      | Noticed Natasha
  4186 | D:3      | Killed Natasha
  4681 | D:5      | Entered Level 5 of the Dungeon
  4905 | D:5      | Learned a level 4 spell: Animate Dead
  4946 | D:5      | Noticed Grinder
  4947 | D:5      | Paralysed by Grinder for 3 turns
  5036 | D:6      | Reached XP level 8. HP: 56/56 MP: 10/18
  5172 | D:5      | Noticed Pikel
  5193 | D:5      | Killed Pikel
  5194 | D:5      | Reached skill level 5 in Necromancy
  5462 | D:5      | Noticed Duvessa
  5462 | D:5      | Noticed Dowan
  5473 | D:5      | Killed Dowan
  5474 | D:5      | Killed Duvessa
  5527 | D:5      | Learned a level 2 spell: Cigotuvi's Dreadful Rot
  5685 | D:5      | Reached skill level 1 in Summonings
  5685 | D:5      | Reached skill level 5 in Ice Magic
  5719 | D:5      | Noticed Edmund
  5730 | D:5      | Killed Edmund
  5861 | D:5      | Reached XP level 9. HP: 61/61 MP: 19/22
  5974 | D:6      | Reached *** piety under Kikubaaqudgha
  5974 | D:6      | Received a gift from Kikubaaqudgha
  5980 | D:6      | Learned a level 4 spell: Summon Ice Beast
  6247 | D:6      | Reached skill level 1 in Earth Magic
  6545 | D:7      | Noticed Prince Ribbit
  6567 | D:7      | Killed Prince Ribbit
  6574 | D:7      | Learned a level 5 spell: Borgnjor's Vile Clutch
  6608 | D:7      | Found a hide-covered altar of Uskayaw.
  6670 | D:7      | Found a stormy altar of Qazlal.
  6859 | D:7      | Noticed a kobold demonologist
  6865 | D:7      | Killed a kobold demonologist
  6867 | D:7      | Noticed a kobold demonologist
  6869 | D:7      | Killed a kobold demonologist
  7231 | D:8      | Reached XP level 10. HP: 47/67 MP: 17/23
  7420 | D:8      | Reached **** piety under Kikubaaqudgha
  7948 | D:9      | Learned a level 4 spell: Anguish
  8222 | D:9      | Reached skill level 1 in Hexes
  8298 | D:9      | Noticed a two-headed ogre
  8599 | D:9      | Killed a two-headed ogre
  8600 | D:9      | Reached skill level 5 in Earth Magic
  8665 | D:9      | Noticed a necromancer
  8668 | D:9      | Killed a necromancer
  8863 | D:10     | Entered Level 10 of the Dungeon
  8950 | D:10     | Found a staircase to the Lair.
  8963 | D:10     | Reached ***** piety under Kikubaaqudgha
  8968 | D:10     | Reached skill level 10 in Spellcasting
  9104 | D:10     | Reached XP level 11. HP: 72/72 MP: 16/25
  9220 | D:10     | Noticed Amaemon
  9228 | D:10     | Killed Amaemon
  9539 | Lair:1   | Entered Level 1 of the Lair of Beasts
  9670 | Lair:1   | Reached skill level 3 in Fighting
  9696 | Lair:1   | Noticed Maggie
  9762 | Lair:1   | Killed Maggie
 10032 | Lair:1   | Reached skill level 10 in Necromancy
 10308 | Lair:1   | Reached skill level 4 in Fighting
 10673 | Lair:2   | Found a hole to the Spider Nest.
 10927 | Lair:2   | Found a staircase to the Swamp.
 11101 | Lair:2   | Reached skill level 5 in Summonings
 11103 | Lair:2   | Reached skill level 5 in Fighting
 11108 | Lair:2   | Reached XP level 12. HP: 86/86 MP: 13/27
 11504 | Lair:3   | Identified the +8 dagger of Syicwu {vamp, rN+ Str-2 Dex+2
                  | SInv}
 11941 | Lair:3   | Reached skill level 5 in Dodging
 12099 | Lair:3   | Reached skill level 6 in Fighting
 12320 | Lair:4   | Noticed a catoblepas
 12327 | Lair:4   | Killed a catoblepas
 12384 | Lair:4   | Reached ****** piety under Kikubaaqudgha
 12394 | Lair:4   | Learned a level 6 spell: Death Channel
 12585 | Lair:4   | Found a staircase to the Slime Pits.
 12586 | Lair:4   | Found a viscous altar of Jiyva.
 12673 | Lair:4   | Noticed a death yak
 12675 | Lair:4   | Noticed a death yak
 12680 | Lair:4   | Noticed a death yak
 12682 | Lair:4   | Noticed a death yak
 12683 | Lair:4   | Noticed a death yak
 12686 | Lair:4   | Killed a death yak
 12687 | Lair:4   | Reached skill level 7 in Fighting
 12687 | Lair:4   | Killed a death yak
 12695 | Lair:4   | Killed a death yak
 12701 | Lair:4   | Killed a death yak
 12701 | Lair:4   | Killed a death yak
 12707 | Lair:4   | Noticed a death yak
 12711 | Lair:4   | Killed a death yak
 13169 | Lair:4   | Gained mutation: You are strongly in touch with the powers
                  | of death. [Mummy growth]
 13169 | Lair:4   | Reached XP level 13. HP: 98/98 MP: 24/30
 13454 | Lair:5   | Entered Level 5 of the Lair of Beasts
 13460 | Lair:5   | Reached skill level 8 in Fighting
 13720 | Lair:5   | Reached skill level 9 in Fighting
 14007 | Lair:5   | Found the +7 lajatang of Order {silver, rMut}
 14019 | Lair:5   | Identified the +0 leather armour of Thoughtfulness {rElec
                  | rF+}
 14188 | Lair:5   | Reached skill level 1 in Armour
 14591 | Lair:5   | Identified the +4 shortbow of Instant Death {antimagic,
                  | *Slow rC+ Int+2 Dex+4}
 14621 | Lair:5   | Reached skill level 15 in Spellcasting
 14625 | Lair:5   | Reached XP level 14. HP: 103/109 MP: 27/33
 15041 | D:11     | Reached skill level 10 in Fighting
 15931 | D:11     | Identified the ring "Tet Ripp" {*Corrode rN+ Str+6 Dex+4}
 16314 | D:12     | Noticed Snorg
 16322 | D:12     | Killed Snorg
 16682 | D:12     | Found a staircase to the Orcish Mines.
 17529 | Orc:1    | Entered Level 1 of the Orcish Mines
 17921 | Orc:1    | Reached skill level 1 in Short Blades
 18574 | Orc:2    | Entered Level 2 of the Orcish Mines
 18780 | Orc:2    | Found a staircase to the Elven Halls.
 18864 | Orc:2    | Reached skill level 11 in Fighting
 18870 | Orc:2    | Found Doorphij's Antique Armour Emporium.
 18870 | Orc:2    | Found Usky's Jewellery Boutique.
 18902 | Orc:2    | Bought the ring "Busetu" {Wiz rElec rPois rF++ rCorr Dex-5}
                  | for 790 gold pieces
 18950 | Orc:2    | Found Daqad's Weapon Emporium.
 18950 | Orc:2    | Found Udghioxt's Book Boutique.
 19525 | Orc:2    | Bought a book of Spatial Translocations for 288 gold pieces
 19528 | Orc:2    | Learned a level 2 spell: Blink
 19755 | D:4      | Killed Menkaure
 20090 | D:5      | Found a runed translucent door.
 20091 | D:5      | Noticed Crazy Yiuf
 20096 | D:5      | Killed Crazy Yiuf
 20277 | D:5      | Killed Grinder
 20343 | D:3      | Killed pedritolo's ghost
 20346 | D:3      | Killed funkygono's ghost
 20591 | Orc:2    | Bought a book of the Wilderness for 608 gold pieces
 20816 | Swamp:1  | Entered Level 1 of the Swamp
 20840 | Swamp:1  | Learned a level 5 spell: Summon Forest
 20869 | Swamp:1  | Noticed Frances
 20877 | Swamp:1  | Killed Frances
 20878 | Swamp:1  | Reached skill level 1 in Translocations
 21065 | Swamp:1  | Found a frozen archway.
 21137 | IceCv    | Entered an ice cave
 21194 | IceCv    | Reached XP level 15. HP: 18/119 MP: 28/35
 22405 | Swamp:1  | Noticed a thorn hunter
 22405 | Swamp:1  | Noticed a thorn hunter
 22416 | Swamp:1  | Killed a thorn hunter
 22422 | Swamp:1  | Killed a thorn hunter
 22423 | Swamp:1  | Reached skill level 12 in Fighting
 22430 | Swamp:1  | Noticed a thorn hunter
 22441 | Swamp:1  | Killed a thorn hunter
 23060 | Swamp:2  | Noticed a fenstrider witch
 23067 | Swamp:2  | Killed a fenstrider witch
 23536 | Swamp:2  | Reached skill level 5 in Translocations
 23993 | Swamp:2  | Reached skill level 13 in Fighting
 24731 | Swamp:3  | Found a runed translucent door.
 24732 | Swamp:3  | Noticed Zachydoop's ghost (journeyman DsGl)
 24828 | Swamp:3  | Learned a level 4 spell: Passage of Golubria
 24874 | Swamp:4  | Entered Level 4 of the Swamp
 24887 | Swamp:4  | Reached XP level 16. HP: 131/131 MP: 20/36
 24942 | Swamp:4  | Noticed a thorn hunter
 24948 | Swamp:4  | Killed a thorn hunter
 24962 | Swamp:4  | Reached skill level 5 in Armour
 24976 | Swamp:4  | Got a decaying rune of Zot
 25041 | Swamp:4  | Reached skill level 14 in Fighting
 25185 | Swamp:4  | Noticed Donald
 25190 | Swamp:4  | Killed Donald
 25775 | Spider:1 | Entered Level 1 of the Spider Nest
 25888 | Spider:1 | Noticed Nikola
 25899 | Spider:1 | Killed Nikola
 25900 | Spider:1 | Reached skill level 15 in Fighting
 26832 | Spider:2 | Reached XP level 17. HP: 134/142 MP: 22/37
 28378 | Spider:3 | Reached skill level 10 in Dodging
 28464 | Spider:3 | Reached skill level 16 in Fighting
 28951 | Spider:4 | Entered Level 4 of the Spider Nest
 29056 | Spider:4 | Identified the +3 broad axe of the Tiger {spect, Dex+3}
 29069 | Spider:4 | HP: 6/145 [tarantella[a broodmother] (8)]
 29802 | Spider:4 | Reached skill level 17 in Fighting
 29956 | Spider:4 | Reached XP level 18. HP: 148/155 MP: 4/40
 30022 | Spider:4 | Identified the +2 hat of the Tundras {rElec rC- Int+3}
 30049 | Spider:4 | Got a gossamer rune of Zot
 30667 | D:13     | Found a gate to the Vaults.
 31393 | D:14     | You fall into a shaft and drop 1 floor!
 31393 | D:15     | Entered Level 15 of the Dungeon
 31425 | D:15     | Identified the +4 falchion "Liysa" {speed, rCorr Dex+2
                  | Stlth+}
 31579 | D:15     | Found a broken altar of Ashenzari.
 31608 | D:15     | Found a staircase to the Depths.
 31717 | D:15     | Identified the +1 broad axe of Ignis's Esteem {heavy,
                  | Int+3}
 32233 | D:15     | Found a snail-covered altar of Cheibriados.
 32448 | D:14     | Reached skill level 18 in Fighting
 32593 | D:14     | Noticed Roxanne
 32615 | D:14     | Killed Roxanne
 32639 | D:14     | Noticed Kirke
 32650 | D:14     | Killed Kirke
 33118 | Vaults:1 | Entered Level 1 of the Vaults
 33515 | Vaults:1 | Noticed Saint Roka
 33534 | Vaults:1 | Killed Saint Roka
 34155 | Vaults:1 | Reached skill level 1 in Shields
 35564 | Vaults:2 | Reached XP level 19. HP: 74/165 MP: 4/43
 35578 | Vaults:2 | Noticed Xtahua
 35588 | Vaults:2 | Killed Xtahua
 36084 | Vaults:2 | Found a staircase to the Crypt.
 36189 | Vaults:2 | Reached skill level 19 in Fighting
 36326 | Vaults:2 | Your ally Xtahua died
 36491 | Vaults:2 | Found a runed translucent gate.
 36491 | Vaults:2 | Found a runed translucent gate.
 36491 | Vaults:2 | Found a runed translucent gate.
 36493 | Vaults:2 | Noticed Uhurudgh's ghost (veteran DgEE)
 36754 | Vaults:2 | Noticed Mara
 36769 | Vaults:2 | Noticed jt's illusion
 36918 | Vaults:2 | Killed Mara
 36919 | Vaults:2 | Reached skill level 5 in Shields
 37965 | Vaults:3 | Reached XP level 20. HP: 148/176 MP: 38/45
 38281 | Vaults:3 | Found Sepoymp's Antique Weapon Emporium.
 38289 | Vaults:3 | Bought a translucent sling for 273 gold pieces
 38289 | Vaults:3 | Identified the +5 sling "Poam" {flame, rPois rCorr} (You
                  | bought it in a shop on level 3 of the Vaults)
 38585 | Vaults:3 | Reached skill level 20 in Fighting
 41012 | Elf:1    | Entered Level 1 of the Elven Halls
 41107 | Elf:1    | Reached skill level 15 in Necromancy
 41592 | Elf:1    | Found Xufemouv's Distillery.
 41859 | Elf:1    | You fall into a shaft and drop 1 floor!
 42062 | Elf:1    | Got Ufyxy's Anthology of Called Conjuration
 42369 | Elf:2    | Found a runed translucent gate.
 42370 | Elf:2    | Found a runed translucent gate.
 42370 | Elf:2    | Found a runed translucent gate.
 42657 | Elf:2    | Reached XP level 21. HP: 174/185 MP: 39/47
 43031 | Elf:2    | Reached skill level 21 in Fighting
 43264 | Elf:3    | Entered Level 3 of the Elven Halls
 43804 | Elf:3    | Paralysed by an air elemental for 1 turns
 44986 | Elf:3    | Identified the +1 quarterstaff of the Present {antimagic,
                  | rN+ Int+3}
 44986 | Elf:3    | Identified the amulet "Vogovvuw" {Acrobat rElec rN+ Dex-5
                  | Stlth+}
 45007 | Elf:3    | Identified the +1 quarterstaff of Circularity {venom, Drain
                  | Will+ Dex+8}
 45031 | Elf:3    | Got Sif Muna's Incunabulum of Fascination and the Bane
 45188 | Elf:3    | Identified the +10 scimitar of Nazayg {freeze, Str+3}
 45700 | Swamp:3  | Killed Zachydoop's ghost
 46021 | Depths:1 | Entered Level 1 of the Depths
 46057 | Depths:1 | Found a one-way gateway to a ziggurat.
 46171 | Depths:1 | Found a one-way gate leading to the halls of Pandemonium.
 46396 | Depths:1 | Learned a level 6 spell: Simulacrum
 46433 | Depths:1 | Found a gateway to Hell.
 47104 | Depths:2 | Found a one-way gate to the infinite horrors of the Abyss.
 47198 | Depths:2 | Learned a level 4 spell: Dispel Undead
 47257 | Depths:2 | Found the +8 mithril axe "Arga" {speed, Will+}
 47326 | Depths:2 | Reached skill level 22 in Fighting
 47463 | Depths:2 | Reached XP level 22. HP: 119/196 MP: 40/48
 48408 | Depths:2 | Found a hazy altar of Hepliaklqana.
 48472 | Depths:2 | Found Ugryneil's Tremendous Tomes.
 48723 | Depths:3 | Noticed a golden dragon
 48729 | Depths:3 | Killed a golden dragon
 48800 | Depths:3 | Learned a level 6 spell: Dispersal
 49003 | Depths:3 | Found a radiant altar of Vehumet.
 49027 | Depths:3 | You fall into a shaft and drop 1 floor!
 49027 | Depths:4 | Entered Level 4 of the Depths
 49296 | Depths:4 | Noticed a juggernaut
 49305 | Depths:4 | Killed a juggernaut
 49342 | Depths:4 | Reached skill level 10 in Shields
 49422 | Depths:4 | Noticed a golden dragon
 49431 | Depths:4 | Killed a golden dragon
 49783 | Depths:4 | Noticed a golden dragon
 49809 | Depths:4 | Killed a golden dragon
 49990 | Depths:4 | Found a gate to the Realm of Zot.
 50754 | Depths:3 | Noticed a caustic shrike
 50762 | Depths:3 | Killed a caustic shrike
 50785 | Depths:3 | Noticed a juggernaut
 50792 | Depths:3 | Killed a juggernaut
 51100 | Depths:3 | Reached skill level 23 in Fighting
 51135 | Depths:3 | Reached XP level 23. HP: 150/206 MP: 42/49
 51998 | Slime:1  | Entered Level 1 of the Pits of Slime
 53555 | Slime:5  | Entered Level 5 of the Pits of Slime
 53603 | Slime:5  | Noticed the Royal Jelly
 53625 | Slime:5  | Killed the Royal Jelly
 53987 | Slime:5  | Found the +5 Storm Queen's Shield {shock, Fly rElec}
 54060 | Slime:5  | Got a slimy rune of Zot
 54069 | Slime:5  | Identified the +9 lajatang "Cazuent" {drain, Int+3}
 54665 | Vaults:2 | Killed Uhurudgh's ghost
 55199 | Zot:1    | Entered Level 1 of the Realm of Zot
 55681 | Zot:1    | Identified a scroll of acquirement
 55688 | Zot:1    | Learned a level 1 spell: Apportation
 55737 | Zot:2    | Noticed a Killer Klown
 55738 | Zot:2    | Noticed a dread lich
 55739 | Zot:2    | Noticed a Killer Klown
 55739 | Zot:2    | Noticed a Killer Klown
 55739 | Zot:2    | Noticed a Killer Klown
 55772 | Zot:2    | HP: 8/207 [Killer Klown/klown pie (35)]
 55772 | Zot:2    | Slain by a Killer Klown

Illustrated notes

Levels and vault maps discovered:
D:1:      dpeg_arrival_renting, layout_basic, minmay_octomino_e4
D:2:      layout_rooms, hellmonk_ecumenical_altar_run_dry,
          minmay_misc_feat_rows, kennysheep_cross_bottleneck,
          serial_bayou_lagoon_a, serial_bayou_pond_a,
          ebering_dispersal_statue_hall, minmay_split_cup_small, uniq_terence
D:3:      layout_basic, gammafunk_ghost_cemetery, uniq_jessica, uniq_ijyb,
          uniq_natasha
D:4:      layout_rooms, minmay_temple_entry_mist, enter_ossuary_3,
          chequers_jeans, uniq_menkaure
D:5:      layout_loops_ring, uniq_duvessa, uniq_edmund, uniq_pikel,
          uniq_crazy_yiuf_cottage, uniq_grinder
D:6:      layout_rooms, serial_glass, glass_columns_a, glass_columns_a
D:7:      layout_loops_ring, mainiacjoe_overflow_large_starburst,
          uniq_prince_ribbit1
D:8:      layout_basic
D:9:      layout_roguey, eino_house_with_fridge
D:10:     layout_roguey, due_lair_maze_entry_diamond, uniq_amaemon
D:11:     layout_stronghold, hangedman_decor_clover_reticule
D:12:     layout_basic, erik_orc_3, uniq_snorg
D:13:     layout_long_grid, ximxim_vaults_locker_room
D:14:     layout_long_grid, kennysheep_nub, uniq_kirke, uniq_roxanne
D:15:     gammafunk_depths_entry_grave, layout_long_grid,
          cheibrodos_ashenzari_chains, chei_slow_surprise
Temple:   nicolae_temple_slightly_damp_pantheon
Lair:1:   beast_lair_carwin_large_2, layout_cellular_growth,
          pdpol_lair_neglected_garden, grunt_megastairs_5, uniq_maggie
Lair:2:   layout_gridlike, swamp_mist, spider_nest_entry_webs
Lair:3:   layout_roguey
Lair:4:   layout_hall_layers, minmay_slime_entry_jelly_boxes
Lair:5:   grunt_lair_end_beastmaster, layout_gridlike
Swamp:1:  dpeg_oklob_gauntlet, layout_basic_swamp,
          portal_ice_cave_entry_pillars_1, serial_swamp_ruin,
          evilmike_swamp_ruin_house_4, evilmike_swamp_ruin_house_2,
          evilmike_swamp_ruin_house_6, swamp_pool5, uniq_frances
Swamp:2:  layout_basic_swamp, nicolae_swamp_triple_paths
Swamp:3:  layout_falls_marsh, gammafunk_ghost_grave,
          evilmike_swamp_ruin_rubble_2, infiniplex_staircase_pool_2
Swamp:4:  swamp, layout_basic_swamp, nicolae_swamp_baby_hydras, uniq_donald
Spider:1: layout_cave_pods, uniq_nikola
Spider:2: layout_spider_delve, hangedman_spider_tarantella_strand,
          nicolae_spider_cling_halls
Spider:3: layout_chambers
Spider:4: grunt_spider_rune_circles
Slime:1:  layout_caves
Slime:2:  cheibrodos_slime_lost_civilization_10, layout_caves,
          nicolae_slime_round_cave
Slime:3:  layout_caves
Slime:4:  layout_caves
Slime:5
Orc:1:    layout_caves, basic_altar, nooodl_orcs_dogs
Orc:2:    st_orc_town, layout_diamond_mine
Elf:1:    layout_loops_corners, serial_shops, nicolae_take_the_stairs,
          minmay_elf_sorcery
Elf:2:    nicolae_elf_blades_crystal_corner, layout_onion_city
Elf:3:    minmay_elf_hall_dome, layout_geoelf_castle, grunt_megastairs_1
Vaults:1: v_alt_pattern_3, v_misc_18, vaults_standard_mumra_enter_the_diamond,
          nicolae_vaults_little_ls, vaults_dpeg_encased_lava,
          vaults_room_grunt_arrival_ludios, nicolae_vaults_shelves_hall,
          nicolae_vaults_mini_display_case, layout_vaults_omnigrid,
          uniq_saint_roka
Vaults:2: gammafunk_ghost_necromancy, nicolae_vaults_halls_meeting,
          nicolae_vaults_network_square, v_misc_24, ontoclasm_vaults_fault,
          vaults_room_stairs_pillars, minmay_crypt_entry_simple_statues,
          vaults_dpeg_hooks, hangedman_vaults_stretched_pinwheel,
          ontoclasm_vaults_chip, v_misc_13, nicolae_vaults_little_squares_4,
          vaults_dpeg_emergency_exit, layout_vaults_omnicross, uniq_mara,
          uniq_xtahua
Vaults:3: hangedman_vaults_maws, v_misc_9, st_squares, v_misc_15,
          vaults_room_semicircle, nicolae_vaults_what_the_h,
          nicolae_vaults_specimen_jars, v_rooms_2,
          ontoclasm_vaults_claustrophobia, vaults_room_boxed, v_misc_27,
          layout_vaults_maze_snakey, serial_shops, nicolae_shop_trees
Vaults:4: v_misc_17, nicolae_vaults_bisected_slash, v_pattern_2,
          hangedman_vaults_trim, hangedman_vaults_cutoff,
          hangedman_vaults_nails, ontoclasm_vaults_chip, v_rooms_6,
          nicolae_vaults_circle_grid_a, nicolae_vaults_circle_grid_a,
          serial_ice_h, v_misc_19, layout_vaults_omnibox
Depths:1: layout_gridlike, enter_ziggurat_d, grunt_pan_entry_sceptre,
          hell_entry, minmay_misc_feat_doors, nrook_kobold_shadow_demons,
          firewood_loft
Depths:2: minmay_curly_fans, layout_basic, grunt_hell_entry_demonic_statue,
          pan_entry, nicolae_hepliaklqana_hazy_memory, abyss_entry,
          nicolae_shop_i_like_big_books, hangedman_abyss_or_decor_stagger
Depths:3: minmay_swirls_squares, layout_gridville, minmay_misc_feat_iff,
          abyss_entry, pf_hell_entry_tar_river, lemuel_statue_altar,
          nicolae_elyvilon_peaceful_grove
Depths:4: grunt_zot_entry_gee_three, layout_basic, hell_entry
Zot:1:    layout_misc_corridors, ebering_ghost_disaster_area, grunt_megastairs_2
Zot:2:    ebering_klown_carousel, layout_misc_corridors

Skill      XL: |  1  2  3  4  5  6  7  8  9 10 11 12 13 14 15 16 17 18 19 20 21 22 23 |
---------------+----------------------------------------------------------------------+-----
Spellcasting   | 3 4 5 7 9 10 11 13 15 16 18 20 21 22 | 22.6
Fighting       | 1 2 5 7 9 11 13 15 17 18 19 20 22 23 | 23.5
Stealth        | 2 |  2.0
Ice Magic      | 4 5 7 |  7.0
Evocations     | 1 2 |  2.0
Dodging        | 2 4 5 6 9 10 | 10.5
Necromancy     | 1 3 5 7 9 10 12 13 14 15 17 18 19 | 19.3
Conjurations   | 2 |  2.0
Summonings     | 2 4 5 7 8 |  8.9
Earth Magic    | 4 6 |  6.0
Hexes          | 2 |  2.0
Armour         | 2 3 5 |  5.0
Short Blades   | 2 |  2.0
Translocations | 2 5 7 8 |  8.5
Shields        | 3 6 8 9 10 11 | 11.7

Action                     |  1- 3 |  4- 6 |  7- 9 | 10-12 | 13-15 | 16-18 | 19-21 | 22-24 || total
---------------------------+-------+-------+-------+-------+-------+-------+-------+-------++-------
  Melee: Dagger            |    36 |       |    36 |    76 |   288 |   144 |   272 |   165 ||  1017
         Punch             |     2 |       |     1 |     1 |     5 |     1 |       |       ||    10
         Short sword       |    23 |     2 |       |       |       |       |       |       ||    25
         Hand axe          |       |    42 |       |     9 |       |       |       |       ||    51
         Trident           |       |    27 |    27 |       |       |       |       |       ||    54
         Demon whip        |       |       |       |    35 |       |       |       |       ||    35
   Fire: Sling             |     6 |   153 |    91 |    64 |       |       |       |       ||   314
  Throw: Stone             |       |     1 |       |       |       |       |       |       ||     1
         Dart              |       |       |     7 |    16 |    14 |     8 |     5 |     1 ||    51
         Boomerang         |       |       |       |       |     2 |       |       |       ||     2
   Cast: Freeze            |    50 |    19 |    34 |    10 |     4 |       |       |       ||   117
         Frozen Ramparts   |     1 |    19 |    49 |    34 |    33 |    23 |    11 |     3 ||   173
         Ozocubu's Armour  |       |     7 |    23 |     3 |     8 |     6 |     1 |     1 ||    49
         Kiss of Death     |       |       |     1 |       |     1 |       |       |       ||     2
         Animate Dead      |       |       |     7 |     8 |    16 |    17 |    12 |    19 ||    79
         Summon Ice Beast  |       |       |     5 |    17 |    23 |    31 |    28 |    20 ||   124
         Borgnjor's Vile C |       |       |     2 |    82 |   175 |   237 |   244 |   112 ||   852
         Anguish           |       |       |       |    10 |    26 |    26 |    30 |     5 ||    97
         Death Channel     |       |       |       |     5 |    49 |    45 |    43 |    27 ||   169
         Summon Forest     |       |       |       |       |    29 |    50 |    69 |    39 ||   187
         Blink             |       |       |       |       |     3 |     2 |     1 |     6 ||    12
         Passage of Golubr |       |       |       |       |       |     2 |     2 |     3 ||     7
         Simulacrum        |       |       |       |       |       |       |     8 |    29 ||    37
         Dispel Undead     |       |       |       |       |       |       |       |    34 ||    34
         Apportation       |       |       |       |       |       |       |       |     4 ||     4
 Invoke: Unearth Wretches  |       |       |       |     1 |     2 |     2 |     2 |    10 ||    17
  Evoke: Wand              |       |     9 |     5 |     2 |    17 |     4 |     5 |     4 ||    46
         Phantom mirror    |       |       |       |     1 |     1 |     3 |     3 |     2 ||    10
         Box of beasts     |       |       |       |       |       |       |       |     1 ||     1
         Condenser vane    |       |       |       |       |       |       |       |     1 ||     1
    Use: Scroll            |     3 |     2 |     3 |     8 |     6 |    10 |     3 |     7 ||    42
   Stab: Sleeping          |     1 |       |     2 |     1 |     1 |     1 |     2 |       ||     8
         Distracted        |       |       |       |     2 |     5 |     3 |     6 |     4 ||    20
         Paralysed         |       |       |       |     2 |     2 |     3 |       |    11 ||    18
 Armour: Robe              |    32 |   108 |    45 |    68 |    17 |       |       |       ||   270
         Leather armour    |       |       |       |       |   116 |   100 |    60 |    83 ||   359
  Dodge: Dodged            |    64 |   158 |    80 |   161 |   228 |   222 |   234 |   125 ||  1272
         Repelled          |       |       |       |     1 |    17 |     3 |    10 |    12 ||    43
  Block: Buckler           |       |       |       |       |       |     1 |    74 |     7 ||    82
         Kite shield       |       |       |       |       |       |       |       |   143 ||   143

Table legend: (Time is in decaauts)
 A = Elapsed time spent in this place.
 B = Non-inter-level travel time spent in this place.
 C = Inter-level travel time spent in this place.
 D = Time resting spent in this place.
 E = Time spent auto-exploring this place.
 F = Levels seen in this place.
 G = Mean time per level.
                   A        B        C        D        E       F      G
               +--------+--------+--------+--------+--------+-----+--------+
         Total |  56268 |  51204 |   5064 |  12602 |  20142 |  51 | 1103.3 |
       Dungeon |  15773 |  13829 |   1944 |   2337 |   6999 |  15 | 1051.5 |
        Temple |     46 |     28 |     18 |      0 |      0 |   1 |   46.0 |
          Lair |   6133 |   5138 |    995 |   1007 |   2403 |   5 | 1226.6 |
         Swamp |   4294 |   4004 |    290 |   1010 |   1601 |   4 | 1073.5 |
   Spider Nest |   4419 |   4309 |    110 |    825 |   1820 |   4 | 1104.8 |
    Slime Pits |   2276 |   2093 |    183 |   1117 |     33 |   5 |  455.2 |
  Orcish Mines |   2223 |   1948 |    275 |    262 |    871 |   2 | 1111.5 |
   Elven Halls |   4358 |   3966 |    392 |   1096 |   1264 |   3 | 1452.7 |
        Vaults |   8244 |   7787 |    457 |   2304 |   3160 |   4 | 2061.0 |
        Depths |   5817 |   5442 |    375 |   1348 |   1907 |   4 | 1454.2 |
           Zot |    572 |    551 |     21 |    305 |      3 |   2 |  286.0 |
       Ossuary |   1012 |   1012 |      0 |    409 |     34 |   1 | 1012.0 |
      Ice Cave |   1094 |   1094 |      0 |    582 |     47 |   1 | 1094.0 |
               +--------+--------+--------+--------+--------+-----+--------+

Top non-repeatable levels by time:
Vaults:2: 2727 daAuts
   Elf:3: 2046 daAuts
Vaults:1: 2040 daAuts
Vaults:3: 1969 daAuts
    D:12: 1842 daAuts
Depths:3: 1763 daAuts
Depths:2: 1640 daAuts
     D:5: 1614 daAuts
Vaults:4: 1508 daAuts
  Lair:1: 1488 daAuts
Spider:3: 1384 daAuts
  Lair:5: 1371 daAuts
 Swamp:2: 1335 daAuts
   Elf:1: 1286 daAuts
  Lair:4: 1277 daAuts
